 Dungeon Crawl Stone Soup version 0.26-a0-1205-g4083c211ab (webtiles) character file.

Game seed: 3306480456527548935

1460 sahdkjhfkaj the Grappler (level 8, -3/70 HPs)
             Began as a Troll Warper on Dec 29, 2020.
             Slain by a gnoll
             ... wielding a +2 vorpal spear
              (11 damage)
             ... on level 6 of the Dungeon.
             The game lasted 00:03:59 (3879 turns).

sahdkjhfkaj the Grappler (Troll Warper)             Turns: 3879, Time: 00:03:59

Health: -3/70      AC:  6    Str: 22    XL:     8   Next: 48%
Magic:  8/8        EV:  5    Int:  9    God:
Gold:   536        SH:  0    Dex:  9    Spells: 9/9 levels left

rFire    . . .     SeeInvis .     - Unarmed
rCold    . . .     Faith    .   (no shield)
rNeg     . . .     Spirit   .   a - +0 robe
rPois    .         Reflect  .   (helmet restricted)
rElec    .         Harm     .   (no cloak)
rCorr    .         Rampage  .   (gloves unavailable)
Will     .....                  (boots unavailable)
Stlth    +.........             (no amulet)
HPRegen  0.61/turn              (no ring)
MPRegen  0.11/turn              (no ring)

@: held
A: large, unfitting armour, claws 3, regeneration 1, shaggy fur 1, tough skin 3
a: no special abilities


You were on level 6 of the Dungeon.
You visited 1 branch of the dungeon, and saw 6 of its levels.

You collected 536 gold pieces.

Inventory:

Missiles
 d - 5 boomerangs of dispersal
 n - 17 boomerangs
 v - 4 large rocks (quivered)
Armour
 a - a +0 robe (worn)
Jewellery
 g - a +6 ring of intelligence {unknown}
 p - a cursed ring of attention {unknown}
Wands
 k - a wand of iceblast (10)
 F - a wand of digging (3)
Scrolls
 f - a scroll of identify
 h - 9 scrolls of remove curse
 i - 3 scrolls of enchant weapon
 l - 4 scrolls of magic mapping
 q - 3 scrolls of teleportation {!r}
 s - a scroll of fear
 t - 2 scrolls of amnesia
 u - a scroll of fog {unknown}
Potions
 b - 2 potions of berserk rage {unknown}
 c - a potion of degeneration {unknown}
 e - 3 potions of curing {unknown}
 j - 4 potions of attraction {unknown}
 m - 2 potions of might {unknown}
 o - a potion of brilliance {unknown}
 r - 4 potions of heal wounds {unknown}


   Skills:
 - Level 1.5 Fighting
 - Level 0.8 Throwing
 - Level 1.9 Dodging
 + Level 10.7 Unarmed Combat
 - Level 1.2 Spellcasting
 - Level 2.1 Translocations


You had 9 spell levels left.
You didn't know any spells.
Your spell library contained the following spells:

 Spells                   Type           Power        Failure   Level
 Blink                    Tloc           N/A          22%         2
 Gell's Gravitas          Tloc           2%           41%         3
 Lesser Beckoning         Tloc           2%           41%         3
 Teleport Other           Tloc           4%           41%         3
 Confusing Touch          Hex            0%           73%         3
 Passage of Golubria      Tloc           N/A          82%         4
 Petrify                  Tmut/Erth      0%           98%         4
 Metabolic Englaciation   Hex/Ice        0%           100%        5
 Yara's Violent Unravell  Hex/Tmut       0%           100%        5


Dungeon Overview and Level Annotations

Branches:
Dungeon (6/15)
 Temple: D:4-7

Altars:
Cheibriados
Hepliaklqana
Ru
Uskayaw
Vehumet
Yredelemnul
Zin

Shops:
D:6 *


Innate Abilities, Weirdness & Mutations

You are too large for most types of armour.
You have claws for hands.
Your natural rate of healing is unusually fast.
You are covered in fur. (AC +1)
You have extremely tough skin. (AC +3)


Message History

The gnoll hits you from afar with a +2 vorpal spear.
The gnoll barely misses you. The gnoll hits you. The gnoll barely misses you.
The gnoll closely misses you.
The gnoll throws a throwing net.
The throwing net barely misses you.
The gnoll throws a throwing net.
The throwing net hits you.
You become entangled in the net!
You see here a throwing net {!f}.
You struggle against the net.
The gnoll hits you from afar with a +0 spear.
You struggle against the net.
The gnoll hits you from afar with a +0 spear.
The gnoll hits you from afar with a +2 vorpal spear.
You struggle against the net.
The gnoll hits you from afar with a +0 spear.
* * * LOW HITPOINT WARNING * * *
The gnoll hits you!
* * * LOW HITPOINT WARNING * * *
The gnoll hits you from afar with a +2 vorpal spear!
You die...

##.# ⌠.⌠. #....##....#g.........
#..#..... #.#..#................
#..#..>.. #.....................
##..#..... #.....#...............
(...#8...8 #....###..............
###.# ######....###..#.#.........
###.#####....#...#...#####.......
.g.....$....g.g......## ##.......
.##########..ggg@.....###...##..#
## ##..g.................. #
##.....(##..........#. #
#.......(.....##..)<. #
#......#...>..##..... g......
#.##..###.....#.)##.. .......
#.....#####.#.#...#<. .......
#.......#####........ #....#+
#.........###.......(


You could see a gnoll sergeant and 5 gnolls.

Vanquished Creatures
  2 sky beasts
  2 wolves (D:6)
  A centaur (D:6)
  3 gnoll sergeants
  A bullfrog (D:6)
  A howler monkey (D:5)
  5 hounds
  2 orc priests (D:3)
  2 gnoll shamans
  A bullfrog skeleton (D:4)
  An orc wizard (D:3)
  A statue (D:5)
  4 worker ants
  14 gnolls
  5 adders
  A shadow imp (D:2)
  An adder skeleton (D:4)
  3 worms
  A dart slug (D:1)
  2 leopard geckos (D:4)
  17 orcs
  3 giant cockroaches
  5 hobgoblins
  13 jackals
  A quokka (D:3)
  A ball python (D:1)
  8 bats
  4 frilled lizards
  15 goblins
  A goblin zombie (D:6)
  10 kobolds
  A quokka skeleton (D:4)
  5 rats
  A rat zombie (D:6)
138 creatures vanquished.

Vanquished Creatures (others)
  A ball python (D:3)
1 creature vanquished.

Grand Total: 139 creatures vanquished

Notes
Turn   | Place    | Note
-------+----------+-------------------------------------------
     0 | D:1      | sahdkjhfkaj the Troll Warper began the quest for the Orb.
     0 | D:1      | Reached XP level 1. HP: 19/19 MP: 1/1
   133 | D:1      | Reached XP level 2. HP: 27/27 MP: 2/2
   242 | D:1      | Reached skill level 3 in Unarmed Combat
   434 | D:1      | Reached XP level 3. HP: 33/33 MP: 3/3
   600 | D:2      | Reached skill level 4 in Unarmed Combat
   655 | D:2      | Reached XP level 4. HP: 33/39 MP: 4/4
   804 | D:2      | Found a snail-covered altar of Cheibriados.
   804 | D:2      | Found a sacrificial altar of Ru.
   823 | D:2      | Found a hide-covered altar of Uskayaw.
   823 | D:2      | Noticed a +0 hand axe
   824 | D:2      | Noticed a +0 hand axe
  1114 | D:3      | Reached skill level 5 in Unarmed Combat
  1132 | D:3      | Reached XP level 5. HP: 28/48 MP: 5/5
  1935 | D:4      | Found a basalt altar of Yredelemnul.
  1952 | D:4      | Reached skill level 6 in Unarmed Combat
  2123 | D:4      | Reached XP level 6. HP: 55/55 MP: 6/6
  2333 | D:4      | Found a glowing silver altar of Zin.
  2352 | D:5      | Entered Level 5 of the Dungeon
  2378 | D:5      | Noticed a sky beast
  2385 | D:5      | Killed a sky beast
  2386 | D:5      | Reached skill level 7 in Unarmed Combat
  2496 | D:5      | Found a radiant altar of Vehumet.
  2578 | D:5      | Found a snail-covered altar of Cheibriados.
  2743 | D:5      | Reached XP level 7. HP: 62/62 MP: 7/7
  2882 | D:6      | Reached skill level 8 in Unarmed Combat
  3097 | D:6      | Found Lituetei's General Store.
  3116 | D:6      | Found a hazy altar of Hepliaklqana.
  3140 | D:6      | Reached skill level 9 in Unarmed Combat
  3227 | D:6      | HP: 1/62 [gnoll sergeant/+0 trident (13)]
  3380 | D:5      | Reached XP level 8. HP: 70/70 MP: 8/8
  3545 | D:6      | Reached skill level 10 in Unarmed Combat
  3879 | D:6      | Slain by a gnoll

Illustrated notes

Levels and vault maps discovered:
D:1:      lemuel_arrival_tunnels, layout_basic
D:2:      layout_rooms, dancing_weapons_uskayaw,
          gammafunk_temple_overflow_statue
D:3:      layout_basic, minmay_misc_feat_cross, grunt_ministairs_15,
          lemuel_old_faithful
D:4:      layout_rooms, zin_scriptorium, yredelemnul_altar_generic
D:5:      layout_rooms, vehumet_statue, cheibriados_altar_1
D:6:      layout_cave_pools, overflow_temple_1_default,
          minmay_temple_entry_from_below_b, serial_shops, shop, enter_ossuary_4,
          serial_gnoll_camp, gnoll_camp_huts_basic, gnoll_camp_mini_loothouse,
          gnoll_camp_medium_02, gnoll_camp_mini_basic

Skill      XL: |  1  2  3  4  5  6  7  8 |
---------------+-------------------------+-----
Unarmed Combat | 3 4 5 6 7 9 10 | 10.7
Fighting       | |  1.5
Throwing       | |  0.8
Dodging        | |  1.9
Spellcasting   | |  1.2
Translocations | |  2.1

Action                   |  1- 3 |  4- 6 |  7- 9 || total
-------------------------+-------+-------+-------++-------
Melee: Unarmed           |   103 |   163 |   124 ||   390
       Punch             |     1 |     4 |     6 ||    11
Throw: Large rock        |       |       |     1 ||     1
  Use: Scroll            |     2 |     3 |     2 ||     7
Armor: Robe              |    51 |    62 |    51 ||   164
Dodge: Dodged            |    67 |    90 |    99 ||   256

Table legend: (Time is in decaauts)
 A = Elapsed time spent in this place.
 B = Non-inter-level travel time spent in this place.
 C = Inter-level travel time spent in this place.
 D = Time resting spent in this place.
 E = Time spent auto-exploring this place.
 F = Levels seen in this place.
 G = Mean time per level.
                   A        B        C        D        E       F      G
               +--------+--------+--------+--------+--------+-----+--------+
         Total |   3837 |   3735 |    102 |    125 |   2809 |   6 |  639.5 |
       Dungeon |   3837 |   3735 |    102 |    125 |   2809 |   6 |  639.5 |
               +--------+--------+--------+--------+--------+-----+--------+

Top non-repeatable levels by time:
     D:3: 980 daAuts
     D:6: 850 daAuts
     D:5: 656 daAuts
     D:1: 530 daAuts
     D:4: 410 daAuts
     D:2: 409 daAuts
